 Dungeon Crawl Stone Soup version 0.31-a0-851-g7ff8af7976 (webtiles) character file.

Game seed: 17824481657947469573

50173 Armakuni the Devastator (level 14, 0/90 HPs)
             Began as a Human Wanderer on Oct 7, 2023.
             Was a High Priest of Vehumet.
             Killed from afar by an electric eel (14 damage)
             ... with a bolt of electricity
             ... on level 11 of the Dungeon on Oct 8, 2023.
             The game lasted 00:55:15 (20143 turns).

Armakuni the Devastator (Human Wanderer)           Turns: 20143, Time: 00:55:15

Health: 0/90       AC: 12    Str: 12    XL:     14   Next: 96%
Magic:  22/28      EV: 16    Int: 25    God:    Vehumet [*****.]
Gold:   1136       SH:  0    Dex: 12    Spells: 2/33 levels left

rFire   + . .        a - staff of earth
rCold   + . .        (no shield)
rNeg    . . .        D - +0 troll leather armour
rPois   .            O - +2 helmet "Janoplu" {rF+ rC+ rCorr Stlth-}
rElec   .            n - +2 cloak
rCorr   +            q - +0 pair of gloves
SInv    .            y - +0 pair of boots
Will    +....        U - amulet of faith Stlth
                     I - +6 ring of intelligence
HPRegen 1.15/turn    E - +5 ring of evasion
MPRegen 0.21/turn

%: faith
@: no status effects
A: no striking features
a: Renounce Religion


You were on level 11 of the Dungeon.
You worshipped Vehumet.
Vehumet was extremely pleased with you.
You visited 3 branches of the dungeon, and saw 17 of its levels.
You also visited: Ossuary.

You collected 1339 gold pieces.
You spent 203 gold pieces at shops.

Inventory:

Hand Weapons
 b - a +5 quarterstaff of chaos
Missiles
 f - a throwing net
Armour
 n - a +2 cloak (worn)
 q - a +0 pair of gloves (worn)
 y - a +0 pair of boots (worn)
 D - a +0 troll leather armour (worn)
 O - the +2 helmet "Janoplu" (worn) {rF+ rC+ rCorr Stlth-}
   (You found it on level 4 of the Lair of Beasts)

   rF+:       It protects you from fire.
   rC+:       It protects you from cold.
   rCorr:     It protects you from acid and corrosion.
   Stlth-:    It makes you less stealthy.
 Q - an orb of energy
Magical Staves
 a - a staff of earth (weapon)
Jewellery
 E - a +5 ring of evasion (right hand)
 F - a ring of protection from fire
 I - a +6 ring of intelligence (left hand)
 K - a ring of resist corrosion
 N - a ring of see invisible
 U - an amulet of faith (around neck)
Wands
 c - a wand of charming (7)
 v - a wand of flame (27)
 w - a wand of roots (19)
 J - a wand of quicksilver (9)
Scrolls
 e - 3 scrolls of silence
 h - 8 scrolls of blinking
 i - 2 scrolls of immolation
 j - 2 scrolls of poison
 o - 2 scrolls of identify
 r - a scroll of fear
 t - 4 scrolls of fog
 x - 7 scrolls of teleportation
 C - a scroll of noise
 G - 2 scrolls of enchant armour
 M - 2 scrolls of vulnerability
Potions
 d - 4 potions of lignification
 g - 3 potions of magic
 k - 6 potions of curing
 l - 2 potions of resistance {unknown}
 m - 2 potions of cancellation
 p - 3 potions of ambrosia
 s - 2 potions of might {unknown}
 u - a potion of berserk rage {unknown}
 z - 10 potions of heal wounds
 A - a potion of enlightenment {unknown}
 B - 2 potions of mutation {unknown}
 H - a potion of invisibility {unknown}
 L - 4 potions of haste
 S - a potion of brilliance {unknown}


   Skills:
 - Level 2.0 Fighting
 - Level 5.0 Armour
 - Level 2.0 Dodging
 - Level 1.0 Unarmed Combat
 + Level 10.0 Spellcasting
 - Level 19.9 Conjurations
 - Level 4.0 Translocations
 - Level 8.4 Earth Magic


You had 2 spell levels left.
You knew the following spells:

 Your Spells              Type           Power      Damage    Failure   Level
i - Irradiate             Conj/Tmut      29%        3d21      1%          5
j - Freezing Cloud        Conj/Ice/Air   22%        6-21      3%          5
l - Lehudib's Crystal Sp  Conj/Erth      45%        10d11     30%         8
m - Iskenderun's Mystic   Conj/Tloc      64%        2d13      1%          4
o - Orb of Destruction    Conj           42%        9d12      1%          7
w - Passwall              Tmut/Erth      41%        N/A       1%          2

Your spell library contained the following spells:

 Spells                   Type           Power      Damage    Failure   Level
 Sandblast                Erth           100%       2d20      1%          1
 Static Discharge         Conj/Air       100%       2-7/arc   1%          2
 Poisonous Vapours        Pois/Air       24%        N/A       2%          2
 Slow                     Hex            48%        N/A       6%          1
 Sting                    Tmut/Pois      48%        1d5       6%          1
 Sublimation of Blood     Necr           12%        N/A       10%         2
 Stone Arrow              Conj/Erth      100%       3d13      1%          3
 Brom's Barrelling Bould  Conj/Erth      90%        2d10      1%          4
 Flame Wave               Conj/Fire      58%        2d14      1%          4
 Fulminant Prism          Conj/Hex       29%        3d13      1%          4
 Sticky Flame             Conj/Fire      58%        2d7       1%          4
 Volatile Blastmotes      Fire/Tloc      44%        2d13      2%          3
 Ignite Poison            Fire/Tmut/Pois 12%        N/A       5%          3
 Inner Flame              Hex/Fire       12%        N/A       5%          3
 Animate Armour           Summ/Erth      100%       N/A       11%         4
 Petrify                  Tmut/Erth      50%        N/A       11%         4
 Airstrike                Air            6%         2d(1-17)  16%         4
 Olgreb's Toxic Radiance  Pois           12%        N/A       16%         4
 Confusing Touch          Hex            12%        N/A       19%         3
 Sigil of Binding         Hex            12%        N/A       19%         3
 Vampiric Draining        Necr           12%        2d6       19%         3
 Animate Dead             Necr           12%        N/A       52%         4
 Summon Lightning Spire   Summ/Air       12%        N/A       52%         4
 Summon Forest            Summ/Tloc      11%        N/A       58%         5
 Summon Mana Viper        Hex/Summ       12%        N/A       86%         5
 Summon Cactus Giant      Summ           6%         N/A       100%        6
 Haunt                    Necr/Summ      6%         N/A       100%        7
 Ignition                 Fire           6%         3d4       100%        8
 Infestation              Necr           6%         N/A       100%        8


Dungeon Overview and Level Annotations

Branches:
Dungeon (11/15)            Temple (1/1) D:7            Lair (5/5) D:10
  Swamp (0/4) Lair:3       Spider (0/4) Lair:2        Slime (0/5) Lair:5
Ossuary (visited)
    Orc: D:9-12

Altars:
Ashenzari
Cheibriados
Dithmenos
Elyvilon
Fedhas
Gozag
Hepliaklqana
Kikubaaqudgha
Makhleb
Nemelex Xobeh
Okawaru
Qazlal
Ru
Sif Muna
Trog
Uskayaw
Vehumet
Wu Jian
Xom
Yredelemnul
Zin
The Shining One

Shops:
D:5 :   D:7 ?

Annotations:
Lair:3 3 runed translucent doors, Sykibbee's ghost, journeyman GnWn


Message History

The mystic blast hits the plant!
The plant begins to die.
The plant is lightly damaged.
The mystic blast hits the electric eel!
The electric eel is severely wounded.
The electric eel is knocked back by the mystic blast.
The mystic blast hits the electric eel!
The electric eel is heavily wounded.
The electric eel is knocked back by the mystic blast.
The mystic blast hits the electric eel!
The electric eel is heavily wounded.
The electric eel is knocked back by the mystic blast.
The electric eel collides with the plant!
The plant is lightly damaged.
The electric eel is almost dead.
A gargoyle comes into view. It is wielding a +0 flail.
The electric eel shoots out a bolt of lightning at you!
The bolt of electricity hits you.
The electric eel shoots out a bolt of lightning at you!
The bolt of electricity hits you. The bolt of electricity hits you!
The bolt of electricity hits the electric eel.
The electric eel completely resists.
The bolt of electricity hits the plant!
A nearby plant withers and dies.
The orc warrior shoots an arrow.
The arrow hits you but does no damage.
A nearby plant withers and dies.
The electric eel shoots out a bolt of lightning at you!
The bolt of electricity hits you!
* * * LOW HITPOINT WARNING * * *
Things that are here:
a +0 dagger; a +0 leather armour The electric eel shoots out a bolt of lightning at you!
The bolt of electricity misses you.
The orc warrior shoots an arrow.
The arrow completely misses you.
The electric eel shoots out a bolt of lightning at you!
The bolt of electricity hits you!
* * * LOW HITPOINT WARNING * * *
The orc warrior shoots an arrow.
The arrow hits you.
* * * LOW HITPOINT WARNING * * *
The electric eel shoots out a bolt of lightning at you!
The bolt of electricity hits you!
You die...

### . ..# ..
##.# ..9 ..#
≈~~. #.# ≈≈...
#.###
≈~....#..)######
≈~P~..9o.)..@..#
≈≈≈..S.)#.####<#
≈≈PS~~..#.# #.#
~≈≈S~~..#.# #.#
~≈≈≈~~..#.# #.#
~≈≈≈~...... #.#
P~≈≈~.....# #.#
.≈≈≈P~P.#.. ..#
#.#


You could see an orc warrior, a gargoyle and an electric eel.

Vanquished Creatures
  3 hydras
  2 catoblepae
  A two-headed ogre (D:9)
  6 death yaks
  A skyshark (Lair:4)
  An orb spider (Lair:2)
  A lindwurm (Lair:5)
  Pikel (D:4)
  2 oklob plants (Lair:2)
  2 wolf spiders (Lair:5)
  11 black mambas
  A guardian serpent (Lair:5)
  12 elephants
  14 cane toads
  2 kobold demonologists (D:9)
  2 rime drakes
  7 komodo dragons
  4 trolls
  3 hornets
  4 tyrant leeches (Lair:3)
  21 blink frogs
  A vampire (D:10)
  20 wyverns
  39 yaks
  2 wraiths (Ossuary)
  3 basilisks
  A steam dragon (D:6)
  3 vampire mosquitoes (D:6)
  A redback (Lair:5)
  16 water moccasins
  2 hell hounds (Lair:2)
  5 orc warriors
  A sky beast (D:8)
  2 black bears
  An ice beast (D:6)
  4 ogres
  3 centaurs
  14 wolves
  2 phantoms
  3 kobold brigands
  9 bullfrogs
  3 scorpions
  17 wights
  13 killer bees
  3 electric eels (D:10)
  6 howler monkeys
  8 hounds
  9 jellies
  6 orc priests
  Crazy Yiuf (D:2)
  9 iguanas
  7 sleepcaps
  Natasha (D:2)
  3 orc wizards
  9 adders
  A gnoll (D:1)
  A shadow imp (D:6)
  3 white imps
  A worm (D:3)
  A dart slug (D:1)
  27 orcs
  11 endoplasms
  3 giant cockroaches
  10 goblins
  10 hobgoblins
  10 jackals
  15 kobolds
  4 quokkas
  3 ball pythons
  A ball python skeleton (Ossuary)
  8 bats
  5 frilled lizards
  2 hobgoblin skeletons (Ossuary)
  2 hobgoblin zombies (Ossuary)
  2 orc skeletons (Ossuary)
  2 orc zombies (Ossuary)
  6 rats
456 creatures vanquished.

Vanquished Creatures (others)
  2 orcs (D:11)
  4 boulders (D:6)
6 creatures vanquished.

Grand Total: 462 creatures vanquished

Notes
Turn   | Place    | Note
-------+----------+-------------------------------------------
     0 | D:1      | Armakuni the Human Wanderer began the quest for the Orb.
     0 | D:1      | Armakuni set off with the following items: a +0 dagger, a
                  | +0 pair of gloves, a scroll of fear, a +0 robe, a scroll of
                  | silence; and the following spell memorised: Sandblast; and
                  | the following spells available to memorise: Passwall,
                  | Brom's Barrelling Boulder.
     0 | D:1      | Reached XP level 1. HP: 16/16 MP: 2/2
   171 | D:1      | Reached XP level 2. HP: 22/22 MP: 2/4
   384 | D:1      | Found a faded altar of an unknown god.
   815 | D:1      | Reached XP level 3. HP: 27/27 MP: 2/6
   885 | D:1      | Learned a level 2 spell: Passwall
  1397 | D:2      | Found a runed translucent door.
  1398 | D:2      | Noticed Crazy Yiuf
  1639 | D:2      | Reached XP level 4. HP: 32/33 MP: 2/7
  2039 | D:2      | Noticed Natasha
  2043 | D:2      | Killed Natasha
  2044 | D:2      | Reached XP level 5. HP: 38/38 MP: 6/9
  2716 | D:3      | Learned a level 4 spell: Brom's Barrelling Boulder
  2760 | D:3      | Found a shimmering blue altar of Sif Muna.
  3070 | D:3      | Found a glowing silver altar of Zin.
  3661 | D:2      | Killed Crazy Yiuf
  3764 | D:3      | Reached XP level 6. HP: 29/44 MP: 5/11
  3825 | D:4      | Found a white marble altar of Elyvilon.
  3945 | D:4      | Reached skill level 5 in Earth Magic
  3982 | D:4      | Found a radiant altar of Vehumet.
  3991 | D:4      | Became a worshipper of Vehumet
  4019 | D:4      | Reached XP level 7. HP: 44/50 MP: 8/13
  4196 | D:4      | Noticed Pikel
  4204 | D:4      | Killed Pikel
  4205 | D:4      | Reached skill level 5 in Spellcasting
  4205 | D:4      | Reached XP level 8. HP: 48/56 MP: 10/16
  4361 | D:4      | Found a sand-covered staircase.
  4370 | Ossuary  | Entered an ossuary
  4459 | Ossuary  | Reached * piety under Vehumet
  4459 | Ossuary  | Offered knowledge of Shock by Vehumet.
  4528 | Ossuary  | Noticed a flying skull
  4528 | Ossuary  | Noticed a wraith
  4539 | Ossuary  | Noticed a flying skull
  4559 | Ossuary  | Identified a scroll of acquirement
  4559 | Ossuary  | Acquired a book of Armaments
  4566 | Ossuary  | Learned a level 3 spell: Stone Arrow
  4576 | Ossuary  | Noticed a flying skull
  4577 | Ossuary  | Noticed a wraith
  4583 | Ossuary  | Killed a wraith
  4584 | Ossuary  | Reached skill level 1 in Conjurations
  4764 | Ossuary  | Noticed a flying skull
  4772 | Ossuary  | Noticed a wraith
  4775 | Ossuary  | Killed a wraith
  4776 | Ossuary  | Reached skill level 2 in Conjurations
  4776 | Ossuary  | Reached XP level 9. HP: 43/61 MP: 8/18
  4844 | Ossuary  | Reached skill level 3 in Conjurations
  5162 | D:5      | Entered Level 5 of the Dungeon
  5176 | D:5      | Found Heudinka's Vocational Training.
  5234 | D:5      | Learned a level 4 spell: Iskenderun's Mystic Blast
  5316 | D:5      | Offered knowledge of Magic Dart by Vehumet.
  5317 | D:5      | Reached ** piety under Vehumet
  5318 | D:5      | Reached skill level 4 in Conjurations
  5318 | D:5      | Reached skill level 1 in Translocations
  6095 | D:6      | Reached skill level 5 in Conjurations
  6326 | D:6      | Reached skill level 6 in Conjurations
  6327 | D:6      | Reached XP level 10. HP: 64/67 MP: 4/19
  6412 | D:6      | Reached skill level 7 in Conjurations
  6647 | D:6      | Identified the +7 whip "Dukuuh" {heavy, Str+5}
  6673 | D:6      | Reached skill level 8 in Conjurations
  6833 | D:6      | Offered knowledge of Hailstorm by Vehumet.
  7307 | D:7      | Found a staircase to the Ecumenical Temple.
  7313 | D:7      | Reached *** piety under Vehumet
  7314 | D:7      | Reached skill level 9 in Conjurations
  7387 | Temple   | Entered the Ecumenical Temple
  8060 | D:7      | Reached skill level 10 in Conjurations
  8119 | D:7      | Offered knowledge of Mephitic Cloud by Vehumet.
  8421 | D:7      | Found Sudaigg's Magic Scroll Shop.
  8430 | D:7      | Bought a scroll of teleportation for 42 gold pieces
  8430 | D:7      | Bought a scroll of blinking for 105 gold pieces
  8430 | D:7      | Bought a scroll of amnesia for 56 gold pieces
  8983 | D:8      | Reached XP level 11. HP: 72/72 MP: 16/22
  9235 | D:8      | Reached **** piety under Vehumet
  9327 | D:8      | Found a shadowy altar of Dithmenos.
  9946 | D:8      | Found a hide-covered altar of Uskayaw.
 10368 | D:9      | Offered knowledge of Freezing Cloud by Vehumet.
 10382 | D:9      | Learned a level 5 spell: Freezing Cloud
 10389 | D:9      | Noticed a two-headed ogre
 10391 | D:9      | Killed a two-headed ogre
 10840 | D:9      | Reached skill level 10 in Spellcasting
 11344 | D:10     | Entered Level 10 of the Dungeon
 11455 | D:10     | Reached skill level 11 in Conjurations
 11475 | D:10     | Reached ***** piety under Vehumet
 11691 | D:10     | Offered knowledge of Eringya's Noxious Bog by Vehumet.
 11804 | D:10     | Reached XP level 12. HP: 37/78 MP: 11/26
 12090 | D:10     | Found a sacrificial altar of Ru.
 12092 | D:10     | Found an iron altar of Okawaru.
 12185 | D:10     | Found a staircase to the Lair.
 12588 | Lair:1   | Entered Level 1 of the Lair of Beasts
 12601 | Lair:1   | Reached skill level 12 in Conjurations
 12774 | Lair:1   | Noticed a catoblepas
 12784 | Lair:1   | Killed a catoblepas
 12858 | Lair:1   | Noticed a death yak
 12861 | Lair:1   | Noticed a death yak
 12862 | Lair:1   | Noticed a death yak
 12863 | Lair:1   | Killed a death yak
 12874 | Lair:1   | Killed a death yak
 12875 | Lair:1   | Reached skill level 13 in Conjurations
 12875 | Lair:1   | Killed a death yak
 13305 | Lair:1   | Reached skill level 14 in Conjurations
 13893 | Lair:2   | Found a hole to the Spider Nest.
 13893 | Lair:2   | Noticed an orb spider
 13896 | Lair:2   | Killed an orb spider
 13960 | Lair:2   | Found a blossoming altar of Fedhas.
 13967 | Lair:2   | Reached skill level 15 in Conjurations
 13967 | Lair:2   | Reached XP level 13. HP: 60/83 MP: 17/27
 14263 | Lair:2   | Learned a level 5 spell: Irradiate
 15016 | Lair:3   | Offered knowledge of Plasma Beam by Vehumet.
 15018 | Lair:3   | Reached skill level 16 in Conjurations
 15568 | Lair:3   | Found a staircase to the Swamp.
 15663 | Lair:3   | Found a runed translucent gate.
 15668 | Lair:3   | Found a runed translucent gate.
 15669 | Lair:3   | Found a runed translucent gate.
 15671 | Lair:3   | Noticed Sykibbee's ghost (journeyman GnWn)
 15720 | Lair:3   | Identified the +0 scale mail of the Orb {Dex+3}
 16370 | Lair:3   | Learned a level 8 spell: Lehudib's Crystal Spear
 16377 | Lair:4   | Noticed a six-headed hydra
 16381 | Lair:4   | Killed a six-headed hydra
 16382 | Lair:4   | Reached skill level 17 in Conjurations
 16525 | Lair:4   | Noticed a catoblepas
 16537 | Lair:4   | Killed a catoblepas
 16751 | Lair:4   | Identified the +2 helmet "Janoplu" {rF+ rC+ rCorr Stlth-}
 16909 | Lair:4   | Noticed a four-headed hydra
 16915 | Lair:4   | Killed a four-headed hydra
 17945 | Lair:5   | Entered Level 5 of the Lair of Beasts
 17967 | Lair:5   | Noticed a four-headed hydra
 17972 | Lair:5   | Killed a four-headed hydra
 18012 | Lair:5   | Reached XP level 14. HP: 90/90 MP: 22/28
 18017 | Lair:5   | Reached skill level 5 in Armour
 18247 | Lair:5   | Reached skill level 18 in Conjurations
 18259 | Lair:5   | Offered knowledge of Yara's Violent Unravelling by Vehumet.
 18527 | Lair:5   | Found a staircase to the Slime Pits.
 18798 | Lair:5   | Reached skill level 19 in Conjurations
 19756 | Lair:5   | Offered knowledge of Orb of Destruction by Vehumet.
 19846 | Lair:5   | Learned a level 7 spell: Orb of Destruction
 20143 | D:11     | Killed from afar by an electric eel

Illustrated notes

Levels and vault maps discovered:
D:1:      tarquinn_simple_flora_water_b, layout_loops_ring,
          nicolae_ecumenical_lake_church, patterned_corridor
D:2:      layout_basic, serial_co_window_serial, co_window_of_opportunity_a,
          co_window_paths_a, co_window_corner_a, co_window_corner_a,
          co_window_paths_b, co_window_of_opportunity_c, co_window_corner_cb,
          co_window_corner_cb, co_window_cross_2, co_window_corner_b,
          co_window_sun, glass_columns_a, glass_columns_c, glass_columns_a,
          glass_columns_a, uniq_natasha, uniq_crazy_yiuf_cottage
D:3:      layout_basic, mainiacjoe_overflow_paths, amcnicky_altar_gilded,
          serial_bayou_pond_b
D:4:      layout_loops_ring, vehumet_altar_wand_db, old_standard_altar,
          enter_ossuary_3, uniq_pikel
D:5:      layout_basic, nicolae_shop_vocational
D:6:      layout_cave_pools, kennysheep_generic_room_5
D:7:      layout_loops_corners, minmay_temple_entry_drinking_statues,
          serial_shops, shop
D:8:      layout_layer_cave, lemuel_tele_altar,
          mainiacjoe_overflow_concentric_impassable, nicolae_letterblocks
          [nicolae_letter_subblock, nicolae_letter_subblock,
          nicolae_letter_subblock, nicolae_letter_subblock,
          nicolae_letter_subblock, nicolae_letter_subblock,
          nicolae_letter_subblock, nicolae_letter_subblock,
          nicolae_letter_subblock, nicolae_letter_subblock,
          nicolae_letter_subblock, nicolae_letter_subblock,
          nicolae_letter_subblock, nicolae_letter_subblock,
          nicolae_letter_subblock, nicolae_letter_subblock,
          nicolae_letter_subblock, nicolae_letter_subblock,
          nicolae_letter_subblock, nicolae_letter_subblock,
          nicolae_letter_subblock, nicolae_letter_subblock,
          nicolae_letter_subblock, nicolae_letter_subblock,
          nicolae_letter_subblock]
D:9:      layout_roguey
D:10:     layout_basic, jmf_multi_god_temple, erik_lair_island
D:11:     layout_loops_ring, serial_shops, nicolae_shop_tiny_statue_garden,
          chequers_big_river
Temple:   nicolae_temple_great_sept
Lair:1:   layout_loops_ring, infiniplex_staircase_pool_2
Lair:2:   layout_chaotic_city, nicolae_spider_entry_orb_guardian,
          enter_volcano_3, hangedman_tree_tricks, serial_bayou_pond_e
Lair:3:   layout_roguey, minmay_swamp_entry_worms, ebering_ghost_rock_garden,
          lemuel_fruit_tree
Lair:4:   layout_layer_cave, grunt_megastairs_5
Lair:5:   hangedman_lair_tendril_chambers, layout_concentric_octagons,
          nicolae_slime_entry_field_trip, serial_forest,
          infiniplex_forest_zigzag_1, infiniplex_forest_straight_2,
          infiniplex_forest_straight_2, infiniplex_forest_join,
          infiniplex_forest_clump_curved, infiniplex_forest_zigzag_1,
          chequers_serial_rivers_micro_d

Skill      XL: |  1  2  3  4  5  6  7  8  9 10 11 12 13 14 |
---------------+-------------------------------------------+-----
Spellcasting   | 2 3 4 5 6 7 10 | 10.0
Earth Magic    | 4 5 7 8 |  8.4
Conjurations   | 2 6 10 11 15 17 19 | 19.9
Translocations | 4 |  4.0
Armour         | 4 5 |  5.0
Fighting       | |  2.0
Dodging        | |  2.0
Unarmed Combat | |  1.0

Action                     |  1- 3 |  4- 6 |  7- 9 | 10-12 | 13-15 || total
---------------------------+-------+-------+-------+-------+-------++-------
  Melee: Short sword       |     6 |     4 |       |       |       ||    10
         Quarterstaff      |       |    34 |    14 |       |       ||    48
         Whip              |       |       |    85 |   172 |       ||   257
         Punch             |       |       |     2 |     4 |       ||     6
         Staff             |       |       |       |       |    84 ||    84
   Cast: Sandblast         |    41 |    70 |     9 |       |       ||   120
         Stone Arrow       |       |       |    56 |   197 |   118 ||   371
         Brom's Barrelling |       |       |       |     4 |       ||     4
         Freezing Cloud    |       |       |       |    23 |    53 ||    76
         Iskenderun's Myst |       |       |       |     4 |    52 ||    56
  Evoke: Wand              |       |       |     4 |    10 |     5 ||    19
    Use: Scroll            |     3 |     4 |     4 |     8 |     5 ||    24
 Armour: Robe              |    12 |    18 |       |       |       ||    30
         Leather armour    |       |    34 |    72 |     8 |       ||   114
         Steam dragon scal |       |       |       |   148 |       ||   148
         Troll leather arm |       |       |       |    41 |   131 ||   172
  Dodge: Dodged            |    17 |    43 |    74 |   188 |   136 ||   458

Table legend: (Time is in decaauts)
 A = Elapsed time spent in this place.
 B = Non-inter-level travel time spent in this place.
 C = Inter-level travel time spent in this place.
 D = Time resting spent in this place.
 E = Time spent auto-exploring this place.
 F = Levels seen in this place.
 G = Mean time per level.
                   A        B        C        D        E       F      G
               +--------+--------+--------+--------+--------+-----+--------+
         Total |  20302 |  19752 |    550 |   4212 |  11980 |  18 | 1127.9 |
       Dungeon |  12176 |  11786 |    390 |   1725 |   7904 |  11 | 1106.9 |
        Temple |      1 |      1 |      0 |      0 |      0 |   1 |    1.0 |
          Lair |   7560 |   7401 |    159 |   2282 |   3904 |   5 | 1512.0 |
       Ossuary |    564 |    564 |      0 |    204 |    171 |   1 |  564.0 |
               +--------+--------+--------+--------+--------+-----+--------+

Top non-repeatable levels by time:
  Lair:4: 1821 daAuts
  Lair:5: 1806 daAuts
     D:7: 1595 daAuts
  Lair:2: 1522 daAuts
     D:8: 1476 daAuts
     D:2: 1410 daAuts
  Lair:3: 1337 daAuts
    D:10: 1268 daAuts
     D:3: 1246 daAuts
     D:1: 1205 daAuts
     D:6: 1112 daAuts
     D:9: 1078 daAuts
  Lair:1: 1073 daAuts
     D:5: 931 daAuts
     D:4: 833 daAuts
